 Dungeon Crawl Stone Soup version 0.23.2-1-ga50397a6bc (webtiles) character file.

Game seed: 527895690423285094

795 Mrkan the Cudgeler (level 7, -4/66 HPs)
             Began as a Troll Monk on May 18, 2019.
             Was a Priest of Dithmenos.
             Slain by Prince Ribbit (13 damage)
             ... on level 6 of the Dungeon.
             The game lasted 00:08:02 (3512 turns).

Mrkan the Cudgeler (Troll Monk)                     Turns: 3512, Time: 00:08:03

Health: -4/66      AC: 10    Str: 22    XL:     7   Next: 58%
Magic:  8/8        EV: 10    Int:  6    God:    Dithmenos [***...]
Gold:   245        SH:  0    Dex: 12    Spells: 6/6 levels left

rFire    . . .     SeeInvis .   r - +0 giant spiked club
rCold    . . .     Gourm    +   (shield currently unavailable)
rNeg     . . .     Faith    .   s - +1 robe {MR+}
rPois    .         Spirit   .   (helmet restricted)
rElec    .         Reflect  .   (no cloak)
rCorr    .         Harm     .   (gloves unavailable)
MR       +....                  (boots unavailable)
Stlth    ++........             (no amulet)
HPRegen  0.61/turn              j - +3 ring of protection
MPRegen  0.11/turn              (no ring)

@: wreathed by umbra
A: large, unfitting armour, claws 3, fast metabolism 3, gourmand, regeneration
1, shaggy fur 1, tough skin 3
a: Shadow Step, Renounce Religion


You were on level 6 of the Dungeon.
You worshipped Dithmenos.
Dithmenos was most pleased with you.
You were near starving.

You visited 1 branch of the dungeon, and saw 6 of its levels.

You collected 245 gold pieces.

Inventory:

Hand Weapons
 a - a +0 mace
 r - a +0 giant spiked club (weapon)
Armour
 b - a +0 robe
 s - a +1 robe of magic resistance (worn)
Jewellery
 f - a cursed ring of attention
 j - a +3 ring of protection (left claw)
Wands
 m - a wand of disintegration (12)
 t - a wand of acid (10)
 w - a wand of paralysis (12)
Scrolls
 d - 2 scrolls of fog {unknown}
 e - 6 scrolls of teleportation
 g - 5 scrolls of remove curse
 i - a scroll of enchant armour {unknown}
 l - a scroll of amnesia {unknown}
 n - a scroll of random uselessness {unknown}
 q - 3 scrolls of fear
 u - a scroll of identify
 v - a scroll of noise {unknown}
Potions
 h - a potion of degeneration {unknown}
 k - 2 potions of curing
 o - a potion of ambrosia {unknown}
 p - a potion of agility {unknown}
Comestibles
 c - 6 rations


   Skills:
 + Level 2.9 Fighting
 * Level 7.1 Maces & Flails
 - Level 2.4 Dodging
 - Level 1.0 Stealth
 + Level 3.5 Invocations


You had 6 spell levels left.
You didn't know any spells.
Your spell library contained the following spells:

 Spells                   Type           Power        Failure   Level  Hunger
 Animate Skeleton         Necr           N/A          45%         1    ##.....
 Apportation              Tloc           #.....       45%         1    ##.....
 Confusing Touch          Hex            #.....       45%         1    ##.....
 Summon Small Mammal      Summ           #...         45%         1    ##.....


Dungeon Overview and Level Annotations

Branches:
Dungeon (6/15)
 Temple: D:4-7

Altars:
Ashenzari
Dithmenos
Trog
The Shining One

Annotations:
D:6 Prince Ribbit


Innate Abilities, Weirdness & Mutations

You are too large for most types of armour.
You have claws for hands.
Your metabolism is lightning-fast.
You like to eat raw meat.
Your natural rate of healing is unusually fast.
You are covered in fur. (AC +1)
You have extremely tough skin. (AC +3)


Message History

You miss Prince Ribbit.
Prince Ribbit hits you but does no damage.
Prince Ribbit misses you.
You miss Prince Ribbit. Prince Ribbit barely misses you.
Prince Ribbit blinks!
You barely miss Prince Ribbit.
Prince Ribbit hits you but does no damage.
Prince Ribbit blinks!
Prince Ribbit blinks!
Prince Ribbit lets out a mournful croak.
A phantom comes into view.
You closely miss Prince Ribbit. Prince Ribbit hits you! x2
* * * LOW HITPOINT WARNING * * *
You closely miss Prince Ribbit. Prince Ribbit barely misses you.
Prince Ribbit hits you!
* * * LOW HITPOINT WARNING * * *
The phantom blinks!
You miss the phantom.
Prince Ribbit lets out a mournful croak.
Prince Ribbit hits you!
You die...

#.## ©..# ##..#
.# #..##### #..
##....§.# ..
##..# #####..##
.###....F.#
.....##.@.#
<.......#W#
#.##.##...#
#....#.#
#.####.# #
####.#####.
#..<.......#
.....(.........#
......##########


You could see Prince Ribbit and a phantom.

Vanquished Creatures
  Sigmund (D:3)
  An ice beast (D:5)
  A phantom (D:4)
  2 ogres (D:4)
  A howler monkey (D:5)
  A centaur skeleton (D:4)
  3 orc wizards (D:4)
  A worker ant (D:4)
  5 adders
  2 oozes (D:1)
  An adder skeleton (D:4)
  4 worms
  A dart slug (D:3)
  3 orcs
  3 giant cockroaches
  8 goblins
  5 hobgoblins (D:1)
  6 jackals (D:3)
  2 quokkas (D:3)
  4 ball pythons
  7 bats
  3 frilled lizards
  9 kobolds
  2 leopard gecko skeletons (D:4)
  8 rats
84 creatures vanquished.

Notes
Turn   | Place    | Note
-------+----------+-------------------------------------------
     0 | D:1      | Mrkan the Troll Monk began the quest for the Orb.
     0 | D:1      | Reached XP level 1. HP: 22/22 MP: 0/0
    53 | D:1      | Reached skill level 3 in Maces & Flails
    59 | D:1      | Reached XP level 2. HP: 18/29 MP: 1/1
   275 | D:1      | Reached XP level 3. HP: 36/36 MP: 2/2
   630 | D:2      | Reached skill level 4 in Maces & Flails
   641 | D:2      | Found a faded altar of an unknown god.
  1072 | D:2      | Became a worshipper of Dithmenos the Shadowed
  1072 | D:2      | Reached * piety under Dithmenos
  1072 | D:2      | Reached ** piety under Dithmenos
  1103 | D:3      | Reached XP level 4. HP: 37/44 MP: 3/3
  1178 | D:3      | Noticed Sigmund
  1193 | D:3      | Killed Sigmund
  1193 | D:3      | Reached skill level 5 in Maces & Flails
  1193 | D:3      | Reached skill level 1 in Invocations
  1193 | D:3      | Reached XP level 5. HP: 32/50 MP: 3/5
  1312 | D:3      | Reached *** piety under Dithmenos
  1678 | D:3      | Found a glowing golden altar of the Shining One.
  1981 | D:4      | Reached XP level 6. HP: 47/59 MP: 6/6
  2059 | D:4      | Reached skill level 6 in Maces & Flails
  2304 | D:4      | Reached XP level 7. HP: 28/66 MP: 8/8
  2323 | D:4      | Reached **** piety under Dithmenos
  2370 | D:4      | Found a shadowy altar of Dithmenos.
  2477 | D:5      | Entered Level 5 of the Dungeon
  3041 | D:5      | Reached skill level 7 in Maces & Flails
  3178 | D:5      | Found a shattered altar of Ashenzari.
  3230 | D:5      | Found a bloodstained altar of Trog.
  3491 | D:6      | Noticed Prince Ribbit
  3512 | D:6      | Slain by Prince Ribbit

Skill      XL: |  1  2  3  4  5  6  7 |
---------------+----------------------+-----
Maces & Flails | 3 4 5 6 7 |  7.1
Invocations    | 1 2 3 |  3.5
Fighting       | |  2.9
Dodging        | |  2.4
Stealth        | |  1.0

Action                   |  1- 3 |  4- 6 |  7- 9 || total
-------------------------+-------+-------+-------++-------
Melee: Mace              |   130 |   188 |       ||   318
       Giant spiked club |       |       |    45 ||    45
  Use: Potion            |       |     2 |       ||     2
       Scroll            |       |       |     7 ||     7
 Stab: Sleeping          |     3 |     5 |     2 ||    10
  Eat: Chunk             |     7 |     8 |       ||    15
       Ration            |       |     1 |     3 ||     4
Armor: Robe              |    58 |    66 |    18 ||   142
Dodge: Dodged            |    92 |   125 |    32 ||   249
